Map: Catalyst LE

Players

iNcontroL

  • Race: Protoss Protoss
  • League: Master
  • Spawn Location: 11:00

Starlord - Winner!

  • Race: Zerg Zerg
  • League: Grandmaster
  • Spawn Location: 5:00

VOD

Have the link to the VOD?

Description

Time

  • Played on: May 27, 2018, 6:09 p.m.
  • Length: 5:00
Show
View Real Time Build Order
Export as new Build Order

iNcontroL Protoss 

Build Orders: Forge Fast Expand (FFE) 

Get SALT Encoding   

  12  0:00  Probe  
  13  0:13  Probe  
  14  0:22  Pylon  
  14  0:25  Probe  
  15  0:36  Probe  
  16  0:44  Probe  
  16  0:47  Forge  
  17  0:55  Probe  
  17  0:56  Pylon  
  18  1:07  Probe  
  19  1:29  Pylon  
  19  1:34  Nexus  
  19  1:44  Gateway  
  19  1:51  Probe  
  20  1:56  Photon Cannon  
  20  2:03  Probe  
  20  2:07  Assimilator  
  21  2:09  Assimilator  
  21  2:15  Probe  
  22  2:27  Probe  
  23  2:32  Cybernetics Core  
  23  2:34  Zealot  
  25  2:43  Probe  
  26  2:44  Pylon  
  26  2:46  Probe  
  27  2:52  Probe  
  27  2:54  Probe  
  28  3:01  Stalker  
  29  3:08  Photon Cannon  
  31  3:20  Photon Cannon  
  31  3:26  Photon Cannon  
  31  3:30  Stalker  
  33  3:39  Cybernetics Core  
  33  3:45  Pylon  
  33  3:47  Shield Battery  
  25  4:16  Stalker  
  26  4:36  Gateway  
  26  4:41  Gateway  
Show
View Real Time Build Order
Export as new Build Order

Starlord Zerg - Winner!

Build Orders: Hatch First 

Get SALT Encoding   

  12  0:01  Drone  
  13  0:15  Overlord  
  13  0:18  Drone  
  14  0:34  Drone x2  
  16  0:37  Drone  
  17  0:54  Hatchery  
  16  0:57  Drone  
  16  1:01  Drone  
  18  1:15  Extractor  
  17  1:19  Spawning Pool  
  17  1:20  Drone  
  17  1:24  Drone  
  18  1:38  Drone  
  19  1:47  Drone  
  20  1:54  Overlord  
  20  2:06  Queen x2  
  25  2:08  Zergling x2  
  25  2:12  Zergling x2  
  26  2:17  Metabolic Boost  
  26  2:23  Overlord  
  26  2:25  Zergling x2  
  27  2:34  Spine Crawler  
  26  2:39  Spine Crawler  
  25  2:49  Zergling x6  
  28  2:52  Zergling x2  
  28  2:58  Zergling x2  
  30  3:11  Zergling x8  
  34  3:24  Zergling x8  
  38  3:31  Overlord  
  38  3:33  Zergling x2  
  39  3:42  Zergling x2  
  39  3:45  Zergling x2  
  40  3:53  Zergling x2  
  39  4:02  Zergling x8  
  41  4:03  Queen  
  43  4:14  Zergling x4  
  45  4:29  Zergling x6  
  47  4:45  Hatchery  
Tags
 
Add a new tag
Caveats
  • Supply blocks, unpowered buildings, or Contaminate may cause inaccurate times.
  • Supply counts are checked every 10 seconds.